 Dungeon Crawl Stone Soup version 0.14.0-6-g1bc2dff (webtiles) character file.

3164 Aelig the Basher (level 9, -4/61 HPs)
             Began as a Demonspawn Warper on Apr 11, 2014.
             Was an Initiate of Ashenzari.
             Slain by a shadow (32 damage)
             ... on Level 11 of the Dungeon.
             The game lasted 01:14:14 (13027 turns).

Aelig the Basher (Demonspawn Warper)               Turns: 13027, Time: 01:14:14

HP  -4/61        AC  3     Str 13      XL: 9   Next: 61%
MP  13/14        EV 12     Int 15      God: Ashenzari [......]
Gold 31          SH  9     Dex 16      Spells:  3 memorised,  7 levels left

rFire  . . .     SeeInvis .     x - +1,+4 flail
rCold  . . .     Clarity  .     q - +0 robe (curse)
rNeg   . . .     Conserve .     y - +0 buckler
rPois  .         rCorr    .     (helmet restricted)
rElec  .         rRot     .     c - -5 cloak of Poigh {MR+ Str+2 Curse}
SustAb . .       Spirit   .     D - +0 pair of gloves
rMut   .         Warding  .     (no boots)
Saprov . . .     Stasis   .     w - amulet of rage
MR     ++...                    F - ring of protection from magic {unknown}
                                i - +2 ring of protection

@: very slightly contaminated, drained, very resistant to hostile enchantments,
unstealthy
A: horns 2, yellow scales 1
a: Renounce Religion, Evoke Berserk Rage


You were on level 11 of the Dungeon.
You worshipped Ashenzari.
Ashenzari was noncommittal.
You were not hungry.

You visited 2 branches of the dungeon, and saw 12 of its levels.

You collected 354 gold pieces.
You spent 323 gold pieces at shops.

Inventory:

Hand weapons
 x - a +1,+4 flail (weapon)
 K - a +4,+0 whip
Missiles
 e - 46 darts (quivered)
 f - 10 darts of dispersal
 n - 3 exploding darts
 J - 7 poisoned darts
Armour
 b - a +0 leather armour
 c - the cursed -5 cloak of Poigh (worn) {MR+ Str+2 Curse}
   (You bought it in a shop on level 5 of the Dungeon)

   It affects your strength (+2).
   It affects your resistance to hostile enchantments.
   It may recurse itself when equipped.
   It has a curse placed upon it.
 q - a cursed +0 robe (worn)
 y - a +0 buckler (worn)
 D - a +0 pair of gloves (worn)
Magical devices
 a - a wand of paralysis (4)
 j - a wand of cold (5)
 l - a wand of hasting (0)
 E - a wand of paralysis (11)
 N - a wand of random effects (6)
Comestibles
 g - 4 bread rations
 I - a chunk of hobgoblin flesh
 M - a chunk of adder flesh
Scrolls
 m - a scroll of immolation {unknown}
 p - a scroll of identify
 r - 4 scrolls of remove curse
 s - a scroll of magic mapping {unknown}
 v - 4 scrolls of fear {unknown}
 B - a scroll of teleportation {unknown}
 G - 2 scrolls of enchant weapon II {unknown}
 H - 2 scrolls of enchant armour {unknown}
 O - 2 scrolls of fog {unknown}
Jewellery
 i - a +2 ring of protection (left hand)
 o - a +5 ring of strength
 t - an uncursed ring of protection from fire {unknown}
 w - an amulet of rage (around neck)
 F - a ring of protection from magic (right hand) {unknown}
Potions
 h - 8 potions of curing
 k - 2 potions of heal wounds
 u - a potion of brilliance
 z - a potion of might
 A - a potion of lignification {unknown}
 C - a potion of flight
 L - a potion of resistance


   Skills:
 - Level 2.0(1.8) Fighting
 * Level 10.8(10.6) Maces & Flails
 - Level 0.8(0.6) Throwing
 - Level 0.8(0.6) Armour
 - Level 3.0(2.8) Dodging
 * Level 2.0(1.8) Shields
 - Level 2.0(1.8) Spellcasting
 - Level 4.0(3.8) Charms
 - Level 4.0(3.8) Translocations


You had 7 spell levels left.
You knew the following spells:

 Your Spells              Type           Power        Failure   Level  Hunger
a - Apportation           Tloc           ##........   6%          1    ##.....
b - Blink                 Tloc           N/A          10%         2    ###....
c - Shroud of Golubria    Chrm/Tloc      ##........   10%         2    ###....


Dungeon Overview and Level Annotations

Branches:
Dungeon (11/15)            Temple (1/1) D:7
    Orc: D:9-12        Lair: D:8-11

Altars:
Ashenzari
Dithmenos
Elyvilon
Nemelex Xobeh
Sif Muna
Vehumet
The Shining One

Shops:
D:4 (   D:5 [   D:8 ?

Annotations:
D:5 exclusion: downstairs
D:6 puimuR's ghost, experienced DrTm
D:7 exclusion: electric eel
D:8 exclusion: 2 downstairs
D:9 exclusion: door, Joseph


Innate Abilities, Weirdness & Mutations

You have a pair of horns on your head.
You are partially covered in yellow scales (AC +2).


Message History

Press: ? - help, v - describe, . - travel
Here: a shadow The floor.
Unknown command.
The shadow slips into darkness!
Deactivating autopickup; reactivate with Ctrl-A.
Things that are here:
an uncursed club; a hobgoblin corpse; an uncursed short sword; an orc corpse Unknown command.
Evoke which item? (* to show all) (? for menu, Esc to quit)
Okay, then.
Press: ? - help, v - describe, . - travel The floor.
Evoke which item? (* to show all) (? for menu, Esc to quit)
Zapping:
a - a wand of paralysis
Press: ? - help, Shift-Dir - straight line Nothing appears to happen.
The shadow strikes at you from the darkness!
Ouch! That really hurt!
You die...

.. #... .....
......
####...# ###
#.[....#
..##...#<)...#
........@...##
..........###
....#....# ###
######


There were no monsters in sight!

Vanquished Creatures
  A necrophage (D:7)
  An orc warrior (D:6)
  2 ice beasts (D:7)
  2 black bears
  A giant goldfish (D:7)
  The ghost of Anthony the Slasher, an average HuSk (D:4)
  4 ogres
  A centaur (D:6)
  4 giant frogs
  A gnoll sergeant (D:7)
  A big kobold (D:7)
  3 scorpions
  2 killer bees
  A wight (D:9)
  2 goliath beetles
  A hound (D:4)
  A giant frog zombie (D:5)
  4 crimson imps
  2 jellies
  A big fish (D:7)
  2 giant frog skeletons (D:8)
  3 iguanas
  An orc priest (D:4)
  4 orc wizards
  A killer bee zombie (D:5)
  5 worker ants
  Jessica (D:2)
  An ogre skeleton (D:5)
  A hound skeleton (D:7)
  A worker ant zombie (D:6)
  10 adders
  14 gnolls
  An orc skeleton (D:8)
  4 giant mites
  4 shadow imps
  2 adder skeletons
  5 giant geckos
  4 oozes
  23 orcs
  A bat zombie (D:2)
  8 goblins
  17 hobgoblins
  10 jackals
  4 quokkas
  A ball python (D:2)
  14 bats
  6 giant cockroaches
  5 giant newts
  A giant spore (D:10)
  A goblin skeleton (D:2)
  A goblin zombie (D:2)
  21 kobolds
  A kobold zombie (D:2)
  2 orc zombies
  17 rats
  2 rat skeletons
  2 ballistomycetes (D:10)
237 creatures vanquished.

Vanquished Creatures (others)
  An orc (D:10)
1 creature vanquished.

Grand Total: 238 creatures vanquished

Notes
Turn   | Place    | Note
--------------------------------------------------------------
     0 | D:1      | Aelig, the Demonspawn Warper, began the quest for the Orb.
     0 | D:1      | Reached XP level 1. HP: 16/16 MP: 3/3
   430 | D:1      | Reached skill level 3 in Translocations
   522 | D:1      | Gained mutation: You are partially covered in yellow scales (AC +2). [demonic ancestry]
   522 | D:1      | Reached XP level 2. HP: 16/22 MP: 4/4
   861 | D:1      | Learned a level 2 spell: Blink
   864 | D:1      | Learned a level 2 spell: Shroud of Golubria
  1090 | D:1      | Reached XP level 3. HP: 22/27 MP: 6/6
  1371 | D:2      | Noticed Jessica
  1423 | D:2      | Killed Jessica
  1769 | D:1      | Reached XP level 4. HP: 18/33 MP: 2/7
  2703 | D:3      | Found a deep blue altar of Sif Muna.
  2762 | D:3      | Reached skill level 4 in Maces & Flails
  3124 | D:3      | Reached XP level 5. HP: 38/38 MP: 6/9
  3685 | D:4      | Found a white marble altar of Elyvilon.
  5046 | D:3      | Reached skill level 5 in Maces & Flails
  5046 | D:3      | Reached skill level 1 in Charms
  5046 | D:3      | Gained mutation: You have a pair of small horns on your head. [demonic ancestry]
  5046 | D:3      | Reached XP level 6. HP: 32/44 MP: 7/10
  5187 | D:4      | Noticed Anthony's ghost (average HuSk)
  5964 | D:4      | Killed Anthony's ghost
  6029 | D:4      | Reached XP level 7. HP: 44/50 MP: 9/12
  6174 | D:5      | Entered Level 5 of the Dungeon
  6193 | D:4      | Found Rumemer's Weapon Emporium.
  6315 | D:4      | Reached skill level 6 in Maces & Flails
  6799 | D:5      | Found Xoomym's Antique Armour Emporium.
  7106 | D:5      | Found a sparkling altar of Nemelex Xobeh.
  7187 | D:6      | Noticed puimuR's ghost (experienced DrTm)
  7392 | D:6      | Reached skill level 7 in Maces & Flails
  7675 | D:6      | Reached XP level 8. HP: 52/56 MP: 10/13
  8505 | D:7      | Reached skill level 8 in Maces & Flails
  8561 | D:7      | Got a twisted cloak
  8564 | D:7      | Identified the cursed -5 cloak of the Forsaken Mice {Dex+2 Int+3} (You found it on level 7 of the Dungeon)
  8927 | D:7      | Found a staircase to the Ecumenical Temple.
  8938 | Temple   | Entered the Ecumenical Temple
  8944 | Temple   | Became a worshipper of Ashenzari the Shackled
  9536 | D:8      | Reached skill level 9 in Maces & Flails
  9944 | D:8      | Found Umarr's Magic Scroll Shoppe.
 10321 | D:8      | Gained mutation: You have a pair of horns on your head. [demonic ancestry]
 10321 | D:8      | Reached XP level 9. HP: 56/61 MP: 14/14
 11551 | D:7      | Reached skill level 10 in Maces & Flails
 11562 | D:7      | Reached skill level 1 in Shields
 11635 | D:9      | Found a white marble altar of Elyvilon.
 11678 | D:9      | Noticed Joseph
 11937 | D:9      | Noticed a gargoyle
 12066 | D:5      | Bought a smoking cloak for 323 gold pieces
 12069 | D:5      | Identified the cursed -5 cloak of Poigh {MR+ Str+2 Curse} (You bought it in a shop on level 5 of the Dungeon)
 12790 | D:10     | Entered Level 10 of the Dungeon
 13027 | D:11     | Slain by a shadow

Action                   |  1- 3 |  4- 6 |  7- 9 || total
-------------------------+-------+-------+-------++-------
Melee: Mace              |   161 |   294 |       ||   455
       Flail             |       |    90 |   500 ||   590
       Whip              |       |       |     4 ||     4
Throw: Dart              |    12 |     6 |     2 ||    20
 Cast: Blink             |     3 |     5 |     5 ||    13
       Shroud of Golubri |       |    27 |    34 ||    61
       Apportation       |       |     2 |     2 ||     4
Evoke: Wand              |     1 |     2 |     3 ||     6
  Use: Potion            |       |     7 |       ||     7
       Scroll            |       |       |    12 ||    12
